 Dungeon Crawl Stone Soup version 0.18.1-50-g88ac8fd (webtiles) character file.

72 Leonis the Skirmisher (level 4, 0/38 HPs)
             Began as a Draconian Berserker on Dec 18, 2016.
             Was a Believer of Trog.
             Slain by a goblin (3 damage)
             ... led by Robin
             ... on level 2 of the Dungeon.
             The game lasted 00:10:29 (1186 turns).

Leonis the Skirmisher (Draconian Berserker)         Turns: 1186, Time: 00:10:29

Health: 0/38       AC:  6    Str: 27    XL:     4   Next: 6%
Magic:  4/4        EV: 12    Int:  7    God:    Trog [**....]
Gold:   12         SH:  0    Dex: 10    Spells: 0 memorised, 3 levels left

rFire  . . .     SeeInvis .     c - +0 dagger (venom)
rCold  + . .     Gourm    .     (armour unavailable)
rNeg   . . .     Faith    .     (no shield)
rPois  .         Spirit   .     (helmet restricted)
rElec  .         Dismiss  .     (no cloak)
rCorr  .         Reflect  .     l - +0 pair of gloves
SustAt .         Harm     .     (no boots)
MR     .....                    (no amulet)
Stlth  ++........               g - +6 ring of strength
                                e - ring of protection from cold

@: not resistant to hostile enchantments, unstealthy
A: unfitting armour, cold-blooded, AC +5
a: Berserk, Trog's Hand, Burn Spellbooks, Renounce Religion


You were on level 2 of the Dungeon.
You worshipped Trog.
Trog was pleased with you.
You were not hungry.

You visited 1 branch of the dungeon, and saw 2 of its levels.

You collected 12 gold pieces.

Inventory:

Hand Weapons
 a - a +0 falchion
 c - a +0 dagger of venom (weapon)
 m - a +0 spear
 n - a +0 whip
Armour
 l - a +0 pair of gloves (worn)
Jewellery
 e - a ring of protection from cold (left hand)
 g - a +6 ring of strength (right hand)
 k - an uncursed amulet of regeneration {unknown}
Scrolls
 d - a scroll of teleportation {unknown}
Potions
 h - 2 potions of might {unknown}
 i - a potion of curing {unknown}
 j - a potion of cure mutation {unknown}
Comestibles
 b - a bread ration
 f - 5 chunks of flesh


   Skills:
 + Level 3.5 Fighting
 + Level 3.5 Long Blades
 + Level 3.3 Dodging
 + Level 2.1 Stealth


You had 3 spell levels left.
You didn't know any spells.

Dungeon Overview and Level Annotations

Branches:
Dungeon (2/15)

Altars:


Innate Abilities, Weirdness & Mutations

Your plain brown scales are hard (AC +5).
Your body does not fit into most forms of armour.
You are cold-blooded and may be slowed by cold attacks.


Message History

You kill the goblin!
Trog accepts your kill.
You closely miss the goblin. The goblin closely misses you.
You hit the goblin.
The goblin is poisoned.
Your tail-slap misses the goblin.
The goblin is heavily wounded.
The goblin hits you but does no damage.
You hit the goblin.
You kill the goblin!
Trog accepts your kill.
You hit the goblin but do no damage. The goblin hits you but does no damage.
You hit the goblin.
The goblin is poisoned.
You tail-slap the goblin, but do no damage.
The goblin is heavily wounded.
The goblin hits you but does no damage.
You barely miss the goblin.
The goblin is heavily wounded.
You closely miss the goblin.
The goblin is heavily wounded.
The goblin hits you.
You die...

.............####....
#.#########........##....
#....<.รท....####.........
#.########### #.#..##....
#>. ..###....... #.#
###(..###.... #.# #.#.#
#.... #)# #. .#.... #@# #
.(...<.. #g# ##. .....#..
#.##... #.#..#.# #.##.##.
#.#..#.# . #.##.#
.###.#..#.. #..###.##.#
....#..#.. #.....#.####.#
#..#..
#..###....>....###..#..
....###.#...............


You could see a goblin.

Vanquished Creatures
  Robin (D:2)
  A gnoll (D:1)
  An adder (D:2)
  An ooze (D:1)
  2 dart slugs (D:1)
  A giant gecko (D:2)
  2 giant cockroaches
  10 goblins
  A hobgoblin (D:1)
  7 kobolds
  2 ball pythons
  2 bats
  A giant newt (D:1)
  4 rats (D:1)
36 creatures vanquished.

Notes
Turn   | Place    | Note
--------------------------------------------------------------
     0 | D:1      | Leonis the Draconian Berserker began the quest for the Orb.
     0 | D:1      | Reached XP level 1. HP: 19/19 MP: 1/1
   181 | D:1      | Reached XP level 2. HP: 21/26 MP: 2/2
   426 | D:1      | Reached XP level 3. HP: 24/31 MP: 3/3
  1070 | D:2      | Reached skill level 1 in Stealth
  1084 | D:2      | Reached ** piety under Trog
  1149 | D:2      | Noticed Robin
  1162 | D:2      | Killed Robin
  1172 | D:2      | HP: 1/31 [goblin/dagger[Robin] (1)]
  1174 | D:2      | Reached XP level 4. HP: 1/38 MP: 4/4
  1186 | D:2      | Slain by a goblin

Skill      XL: |  1  2  3 |
---------------+----------+-----
Dodging        | 3 |  3.3
Stealth        | 2 |  2.1
Fighting       | |  3.5
Long Blades    | |  3.5

Action                   |  1- 3 |  4- 6 || total
-------------------------+-------+-------++-------
Melee: Falchion          |    61 |       ||    61
       Tailslap          |    10 |     1 ||    11
       Dagger            |    30 |    12 ||    42
  Eat: Chunk             |     1 |       ||     1
Armor: Skin              |    34 |     3 ||    37
Dodge: Dodged            |    63 |     4 ||    67
